 Dungeon Crawl Stone Soup version 0.31-a0-963-ga325b2283a (webtiles) character file.

Game seed: 14114623064062569413

11711 strifetoe the Basher (level 11, -5/86 HPs)
             Began as an Armataur Berserker on Oct 25, 2023.
             Was a High Priest of Trog.
             Slain by an enormous slime creature (30 damage)
             ... on level 13 of the Dungeon.
             The game lasted 00:18:16 (9221 turns).

strifetoe the Basher (Armataur Berserker)           Turns: 9221, Time: 00:18:16

Health: -5/86      AC: 41    Str: 28    XL:     11   Next: 52%
Magic:  11/11      EV:  5    Int:  2    God:    Trog [*****.]
Gold:   1873       SH:  8    Dex:  7    Spells: 10/10 levels left

rFire   + . .        G - +2 demon whip (venom)
rCold   . . .        d - +0 kite shield
rNeg    + . .        E - +2 crystal plate armour of Ecvokkeyja {+Inv rF+ Regen+ Int-3}
rPois   +            (no helmet)
rElec   .            b - +2 cloak {Stlth+}
rCorr   +            B - +2 pair of gloves of the Evening Star {rPois rCorr}
SInv    .            c - +10 Black Knight's barding {ponderous, rPois rN+}
Will    ++...        (no amulet) Stlth
                     o - +5 ring of evasion
HPRegen 2.14/turn    k - +4 ring of protection
MPRegen 0.12/turn

%: roll
@: strong-willed, regenerating, slow
A: large, rugged brown scales 3, deformed body, armoured tail, roll, long
tongue, awkward tongue, clumsy 1, dopey 1, frail 1
a: Renounce Religion, Evoke Invisibility, Berserk, Trog's Hand, Brothers in Arms


You were on level 13 of the Dungeon.
You worshipped Trog.
Trog was extremely pleased with you.
You visited 1 branch of the dungeon, and saw 13 of its levels.
You also visited: Sewer and Bailey.

You collected 1873 gold pieces.

Inventory:

Hand Weapons
 a - a +1 heavy mace
 j - the +8 rapier of the Secret Orbs {holy, Contam rF+++ rCorr Stlth+}
   (You took it off a kobold on level 2 of the Dungeon)

   rF+++:     It renders you almost immune to fire.
   Contam:    It causes magical contamination when unequipped.
   rCorr:     It protects you from acid and corrosion.
   Stlth+:    It makes you more stealthy.
 G - a +2 demon whip of venom (weapon)
Missiles
 i - a throwing net
Armour
 b - a +2 cloak of stealth (worn)
 c - the +10 Black Knight's barding (worn) {ponderous, rPois rN+}
   (You acquired it on level 5 of the Dungeon)

   rPois:     It protects you from poison rN+: It protects you from negative
   energy.
 d - a +0 kite shield (worn)
 B - the +2 pair of gloves of the Evening Star (worn) {rPois rCorr}
   (You found it in a bailey)

   rPois:     It protects you from poison rCorr: It protects you from acid and
   corrosion.
 E - the +2 crystal plate armour of Ecvokkeyja (worn) {+Inv rF+ Regen+ Int-3}
   (You found it on level 6 of the Dungeon)

   Int-3:     It affects your intelligence (-3).
   rF+:       It protects you from fire.
   +Inv:      It lets you turn invisible.
   Regen+:    It increases your rate of health regeneration.
Jewellery
 k - a +4 ring of protection (right hand)
 o - a +5 ring of evasion (left hand)
 t - a ring of ice
Wands
 r - a wand of quicksilver (6)
 C - a wand of flame (25)
 F - a wand of iceblast (8)
Scrolls
 h - 3 scrolls of fear
 n - a scroll of silence
 q - 2 scrolls of summoning
 s - 3 scrolls of noise
 u - a scroll of blinking
 x - 5 scrolls of identify
 y - 3 scrolls of teleportation
 z - a scroll of immolation
 H - a scroll of enchant armour
Potions
 e - a potion of magic
 g - a potion of cancellation
 m - 2 potions of heal wounds
 p - a potion of attraction
 v - 2 potions of mutation
 w - 5 potions of enlightenment
 A - 4 potions of curing
 D - 3 potions of haste


   Skills:
 + Level 5.8 Fighting
 - Level 4.1 Short Blades
 - Level 13.0 Maces & Flails
 + Level 5.6 Armour
 + Level 3.7 Dodging
 - Level 7.0 Stealth
 - Level 4.4 Shields


You had 10 spell levels left.
You didn't know any spells.
Your spell library was empty.

Dungeon Overview and Level Annotations

Branches:
Dungeon (14/15)            Temple (0/1) D:6           Sewer (visited)
 Bailey (visited)
   Lair: D:8-11         Orc: D:9-12      Vaults: D:13-14

Altars:
Cheibriados
Dithmenos
Elyvilon
Fedhas
Gozag
Kikubaaqudgha
Okawaru
Qazlal
Ru
Trog
Uskayaw
Vehumet
Wu Jian
Xom
Yredelemnul

Shops:
D:5 *

Annotations:
D:4 2 runed translucent doors, BigDaddyOpFi's ghost, weakling DsDe
D:9 2 transporters, arthad's ghost, novice VSFi


Innate Abilities, Weirdness & Mutations

You are completely covered in rugged brown scales. (AC +3, +7% HP)
Armour fits poorly on your strangely shaped body.
You have a long armoured tail.
You roll when moving toward enemies. (Rampage)
Your long tongue fully drains potion bottles. (2x potion effects)
Your tongue gives you trouble enunciating. (1.5x scroll delay)
You are clumsy. (Dex -2)
You are dopey. (Int -2)
You are frail. (-10% HP)


Message History

You closely miss the vampire mosquito.
The vampire mosquito is almost destroyed.
The vampire mosquito bites you but does no damage.
You whack the vampire mosquito!
The vampire mosquito is heavily damaged.
The vampire mosquito barely misses you.
You barely miss the vampire mosquito.
Your tail-slap misses the vampire mosquito.
The vampire mosquito is heavily damaged.
Two slime creatures merge to form an enormous slime creature.
You whack the enormous slime creature!
You tail-slap the enormous slime creature!
The enormous slime creature is lightly wounded.
You barely miss the enormous slime creature.
You tail-slap the enormous slime creature!
The enormous slime creature is lightly wounded.
The enormous slime creature hits you but does no damage.
You thrash the enormous slime creature!!
The enormous slime creature is moderately wounded.
The enormous slime creature barely misses you.
You barely miss the enormous slime creature.
The enormous slime creature is moderately wounded.
You barely miss the enormous slime creature.
The enormous slime creature is moderately wounded.
The enormous slime creature barely misses you.
You completely miss the enormous slime creature.
The enormous slime creature is moderately wounded.
You hit the enormous slime creature.
The enormous slime creature is moderately wounded.
The enormous slime creature hits you!!!
Ouch! That really hurt!
* * * LOW HITPOINT WARNING * * *
You thrash the enormous slime creature!!
The enormous slime creature is moderately wounded.
The enormous slime creature hits you.
* * * LOW HITPOINT WARNING * * *
Unknown command.
The enormous slime creature attacks as it pursues you!
The enormous slime creature hits you!!
You die...

#... .. #..#
.. #..# ..
#..##. ..
#.... . #...
. #..##+## .#
#.@##..###.##
#..J.y......#
#####.......#
#..>....#
#+###...# ###


You could see an enormous slime creature and a vampire mosquito.

Vanquished Creatures
  4 two-headed ogres
  Amaemon (D:8)
  An orc knight (Bailey)
  An ugly thing (D:11)
  An orange demon (D:8)
  An unseen horror (D:10)
  2 komodo dragons (D:11)
  2 trolls
  2 hornets (D:11)
  A shadow (D:10)
  Sigmund (D:2)
  A wyvern (D:9)
  2 wraiths (D:11)
  A yak (D:11)
  2 steam dragons
  3 vampire mosquitoes (D:10)
  2 acid dragons (D:11)
  2 water moccasins (D:5)
  12 orc warriors (Bailey)
  2 ice beasts (D:6)
  3 black bears
  4 centaurs
  4 bullfrogs
  A gnoll sergeant (D:6)
  3 scorpions
  5 wights
  9 killer bees
  A howler monkey (D:6)
  4 hounds
  Crazy Yiuf (D:2)
  3 jellies
  Terence (D:2)
  6 iguanas
  6 sleepcaps
  Natasha (twice) (D:3)
  4 orc wizards
  10 gnolls
  5 river rats (Sewer)
  14 adders
  A shadow imp (D:7)
  A white imp (D:7)
  4 worms
  6 dart slugs
  27 orcs
  10 ball pythons
  10 endoplasms
  8 giant cockroaches
  6 goblins
  8 hobgoblins
  18 jackals
  7 kobolds
  8 quokkas
  12 bats
  2 frilled lizards
  5 rats
  A spectral orc (D:7)
  A butterfly (D:10)
265 creatures vanquished.

Notes
Turn   | Place    | Note
-------+----------+-------------------------------------------
     0 | D:1      | strifetoe the Armataur Berserker began the quest for the
                  | Orb.
     0 | D:1      | Reached XP level 1. HP: 19/19 MP: 1/1
    22 | D:1      | Reached skill level 3 in Maces & Flails
    73 | D:1      | Reached XP level 2. HP: 18/26 MP: 2/2
   288 | D:1      | Reached XP level 3. HP: 9/32 MP: 3/3
   415 | D:1      | Reached ** piety under Trog
   523 | D:1      | Reached skill level 4 in Maces & Flails
   707 | D:2      | Noticed Sigmund
   778 | D:2      | Noticed Terence
   788 | D:2      | Killed Terence
   789 | D:2      | Reached XP level 4. HP: 39/39 MP: 4/4
   804 | D:2      | Identified the +8 rapier of the Secret Orbs {holy, Contam
                  | rF+++ rCorr Stlth+}
   861 | D:2      | Found an opulent altar of Gozag.
  1266 | D:2      | Killed Sigmund
  1267 | D:2      | Reached XP level 5. HP: 40/49 MP: 5/5
  1519 | D:2      | Found a runed translucent door.
  1520 | D:2      | Noticed Crazy Yiuf
  1629 | D:2      | Killed Crazy Yiuf
  1630 | D:2      | Reached XP level 6. HP: 52/55 MP: 6/6
  1889 | D:3      | Found a snail-covered altar of Cheibriados.
  1952 | D:3      | Found a faded altar of an unknown god.
  2072 | D:3      | Noticed Natasha
  2073 | D:3      | Killed Natasha
  2268 | D:3      | Found a glowing drain.
  2294 | Sewer    | Entered a sewer
  2413 | Sewer    | Reached *** piety under Trog
  2471 | Sewer    | Reached XP level 7. HP: 64/64 MP: 7/7
  2792 | Sewer    | Reached skill level 5 in Fighting
  3070 | D:3      | Noticed Natasha
  3079 | D:3      | Killed Natasha
  3421 | D:4      | Reached skill level 1 in Stealth
  3904 | D:4      | Found a runed translucent door.
  3908 | D:4      | Noticed BigDaddyOpFi's ghost (weakling DsDe)
  3928 | D:4      | Found a runed translucent door.
  3992 | D:4      | Reached **** piety under Trog
  4227 | D:5      | Entered Level 5 of the Dungeon
  4272 | D:5      | Reached skill level 5 in Maces & Flails
  4273 | D:5      | Identified 3 scrolls of acquirement
  4273 | D:5      | Acquired 1068 gold pieces
  4274 | D:5      | Acquired a +2 barding of stealth
  4275 | D:5      | Acquired the +10 Black Knight's barding {ponderous, rPois
                  | rN+}
  4275 | D:5      | Found the +10 Black Knight's barding {ponderous, rPois rN+}
  4338 | D:5      | Found Uquirch's General Store.
  4391 | D:5      | Reached XP level 8. HP: 72/72 MP: 8/8
  4481 | D:5      | Found an ancient bone altar of Kikubaaqudgha.
  5005 | D:6      | Identified the +2 crystal plate armour of Ecvokkeyja {+Inv
                  | rF+ Regen+ Int-3}
  5070 | D:6      | Found a hide-covered altar of Uskayaw.
  5075 | D:6      | Reached skill level 6 in Maces & Flails
  5075 | D:6      | Found a white marble altar of Elyvilon.
  5083 | D:6      | Reached skill level 5 in Stealth
  5125 | D:6      | Found an ornate altar of the Wu Jian Council.
  5255 | D:6      | Reached skill level 1 in Shields
  5320 | D:6      | Reached XP level 9. HP: 75/79 MP: 9/9
  5464 | D:6      | Found a staircase to the Ecumenical Temple.
  5597 | D:6      | Found a radiant altar of Vehumet.
  5798 | D:7      | Found a shadowy altar of Dithmenos.
  5833 | D:7      | Found a basalt altar of Yredelemnul.
  5947 | D:7      | Found a flagged portal.
  5967 | Bailey   | Entered a bailey
  6023 | Bailey   | Reached skill level 7 in Maces & Flails
  6129 | Bailey   | Reached ***** piety under Trog
  6263 | Bailey   | Reached skill level 8 in Maces & Flails
  6336 | Bailey   | Identified the +2 pair of gloves of the Evening Star {rPois
                  | rCorr}
  6337 | Bailey   | Noticed an orc knight
  6376 | Bailey   | Killed an orc knight
  6377 | Bailey   | Reached skill level 9 in Maces & Flails
  6377 | Bailey   | Reached XP level 10. HP: 55/86 MP: 10/10
  6681 | D:8      | Noticed an orange demon
  6682 | D:8      | Noticed Amaemon
  6694 | D:8      | Killed Amaemon
  6703 | D:8      | Killed an orange demon
  6704 | D:8      | Reached skill level 10 in Maces & Flails
  6780 | D:8      | Noticed a two-headed ogre
  6789 | D:8      | Killed a two-headed ogre
  7175 | D:8      | Gained mutation: You have hidden genetic defects.
                  | [mutagenic glow]
  7189 | D:9      | Identified the of Mizoes
  7203 | D:9      | Reached skill level 11 in Maces & Flails
  7232 | D:9      | Noticed a two-headed ogre
  7234 | D:9      | Noticed a deep troll
  7238 | D:9      | Noticed a two-headed ogre
  7246 | D:9      | Noticed a moth of wrath
  7250 | D:9      | Found a transporter.
  7255 | D:9      | Found a transporter.
  7256 | D:9      | Found a bloodstained altar of Trog.
  7260 | D:9      | Noticed arthad's ghost (novice VSFi)
  7441 | D:9      | Found an iron altar of Okawaru.
  7656 | D:9      | Gained mutation: You have terrible hidden genetic defects.
                  | [hidden defects]
  7740 | D:10     | Entered Level 10 of the Dungeon
  7897 | D:10     | Noticed a two-headed ogre
  7909 | D:10     | Killed a two-headed ogre
  7910 | D:10     | Reached skill level 12 in Maces & Flails
  7916 | D:10     | Reached XP level 11. HP: 92/92 MP: 11/11
  7924 | D:10     | Gained mutation: You are dopey. (Int -2) [hidden defects]
  7924 | D:10     | Lost mutation: You have terrible hidden genetic defects.
                  | [hidden defects expressed]
  7968 | D:10     | Noticed a two-headed ogre
  7978 | D:10     | Killed a two-headed ogre
  8106 | D:10     | Found a sacrificial altar of Ru.
  8179 | D:10     | Noticed a two-headed ogre
  8182 | D:10     | Found a shimmering altar of Xom.
  8185 | D:10     | Killed a two-headed ogre
  8269 | D:10     | Found a blossoming altar of Fedhas.
  8269 | D:10     | Found a stormy altar of Qazlal.
  8343 | D:10     | Reached skill level 13 in Maces & Flails
  8347 | D:10     | Identified the +9 great mace "Itaoj" {heavy, Str+4} (Trog
                  | gifted it to you on level 10 of the Dungeon)
  8347 | D:10     | Received a gift from Trog
  8369 | D:10     | Gained mutation: You are clumsy. (Dex -2) [hidden defects]
  8730 | D:11     | Noticed a two-headed ogre
  8788 | D:11     | Reached skill level 5 in Armour
  8992 | D:11     | Noticed a white ugly thing
  8998 | D:11     | Killed a white ugly thing
  9183 | D:11     | You fall into a shaft and drop 3 floors!
  9190 | D:14     | Gained mutation: You are frail. (-10% HP) [hidden defects]
  9190 | D:14     | Lost mutation: You have hidden genetic defects. [hidden
                  | defects expressed]
  9221 | D:13     | Slain by an enormous slime creature

Illustrated notes

Levels and vault maps discovered:
D:1:      eino_arrival_tree_alley, layout_rooms
D:2:      layout_basic, basic_altar, minmay_hexomino_u4, uniq_sigmund,
          uniq_crazy_yiuf_cottage, uniq_terence
D:3:      layout_loops_ring, mainiacjoe_overflow_24_doors, portal_sewer_entry_f,
          nicolae_ecumenical_oubliette, uniq_natasha
D:4:      layout_cave_pods, ebering_ghost_sewer_f, grunt_ministairs_1
D:5:      layout_loops_cross, lemuel_coloured_pillars_altar, serial_shops,
          nicolae_shop_behind_doors, small_statue_intersection
D:6:      layout_basic, jmf_multi_god_temple, amcnicky_altar_gilded,
          nicolae_wu_jian_wuxing_cycle, minmay_temple_entry_enclosed_plants,
          kennysheep_generic_room_13
D:7:      layout_cave_pools, nicolae_dithmenos_through_a_glass_darkly,
          yredelemnul_forgotten_temple_becter, enter_bailey_7
D:8:      layout_basic, uniq_amaemon
D:9:      layout_small_grid, kennysheep_mini, gammafunk_ghost_wrathful_warriors,
          minivault_22
D:10:     layout_irregular_city, grunt_temple_overflow_forces_of_nature,
          kennysheep_little_box, xom_butterflies
D:11:     layout_loops_corners, grunt_lair_entry_orc_guard_hut,
          wad_floor_pattern_untrapped, uniq_psyche
D:13:     layout_gridville, skrybe_vaults_entry_preservation, uniq_maurice
D:14:     layout_cave_pods, portal_ice_cave_entry_ice_simulacra,
          grunt_decor_fettered, uniq_nessos

Skill      XL: |  1  2  3  4  5  6  7  8  9 10 11 |
---------------+----------------------------------+-----
Maces & Flails | 3 4 5 6 9 12 13 | 13.0
Fighting       | 3 4 5 |  5.8
Short Blades   | 2 3 4 |  4.1
Stealth        | 2 5 7 |  7.0
Armour         | 3 4 5 |  5.6
Dodging        | 2 3 |  3.7
Shields        | 1 4 |  4.4

Action                     |  1- 3 |  4- 6 |  7- 9 | 10-12 || total
---------------------------+-------+-------+-------+-------++-------
  Melee: Mace              |    91 |     3 |       |       ||    94
         Tailslap          |    13 |    15 |    68 |    39 ||   135
         Rapier            |       |   144 |   525 |    54 ||   723
         Unarmed           |       |       |     6 |       ||     6
         Punch             |       |       |     8 |       ||     8
         Demon whip        |       |       |       |   222 ||   222
 Invoke: Berserk           |     1 |       |       |     4 ||     5
         Trog's Hand       |       |     2 |     1 |     1 ||     4
  Evoke: Wand              |       |       |       |     2 ||     2
    Use: Scroll            |       |       |    18 |    11 ||    29
   Stab: Sleeping          |     1 |     3 |       |       ||     4
 Armour: Animal skin       |   103 |    37 |       |       ||   140
         Scale mail        |       |    96 |    53 |       ||   149
         Plate armour      |       |       |   130 |       ||   130
         Skin              |       |       |     4 |       ||     4
         Crystal plate arm |       |       |   350 |   248 ||   598
  Dodge: Dodged            |    72 |   111 |   299 |    45 ||   527
  Block: Kite shield       |       |       |    34 |    93 ||   127

Table legend: (Time is in decaauts)
 A = Elapsed time spent in this place.
 B = Non-inter-level travel time spent in this place.
 C = Inter-level travel time spent in this place.
 D = Time resting spent in this place.
 E = Time spent auto-exploring this place.
 F = Levels seen in this place.
 G = Mean time per level.
                   A        B        C        D        E       F      G
               +--------+--------+--------+--------+--------+-----+--------+
         Total |   9599 |   9312 |    287 |    909 |   6132 |  15 |  639.9 |
       Dungeon |   8391 |   8104 |    287 |    770 |   5687 |  13 |  645.5 |
         Sewer |    740 |    740 |      0 |    139 |    333 |   1 |  740.0 |
        Bailey |    467 |    467 |      0 |      0 |    112 |   1 |  467.0 |
               +--------+--------+--------+--------+--------+-----+--------+

Top non-repeatable levels by time:
     D:4: 950 daAuts
     D:2: 949 daAuts
    D:10: 946 daAuts
     D:3: 873 daAuts
     D:6: 793 daAuts
     D:5: 772 daAuts
     D:1: 750 daAuts
   Sewer: 740 daAuts
     D:8: 675 daAuts
     D:9: 575 daAuts
    D:11: 568 daAuts
     D:7: 501 daAuts
  Bailey: 467 daAuts
    D:14: 18 daAuts
    D:13: 15 daAuts
